 Dungeon Crawl Stone Soup version 0.23.2-1-ga50397a (webtiles) character file.

Game seed: 12981183994758656203

167562 sankara the Brawler (level 17, 0/276 HPs)
             Began as a Troll Earth Elementalist on Apr 21, 2019.
             Was the Champion of Sif Muna.
             Slain by a tarantella (2 damage)
             ... on level 4 of the Spider Nest on Apr 28, 2019.
             The game lasted 12:40:11 (35665 turns).

sankara the Brawler (Troll Earth Elementalist)     Turns: 35665, Time: 12:40:12

Health: 0/276      AC: 31    Str: 25    XL:     17   Next: 31%
Magic:  17/24      EV: 14    Int: 16    God:    Sif Muna [******]
Gold:   1376       SH:  0    Dex: 12    Spells: 5/27 levels left

rFire    . . .     SeeInvis +     - Unarmed
rCold    + . .     Gourm    +   (no shield)
rNeg     + . .     Faith    .   (armour currently unavailable)
rPois    ∞         Spirit   .   (helmet restricted)
rElec    +         Reflect  .   l - +1 cloak {+Inv}
rCorr    .         Harm     .   (gloves unavailable)
MR       +....     Rnd*Rage +   (boots unavailable)
Stlth    ..........             K - amulet of magic regeneration
HPRegen  0.96/turn              J - ring of protection from cold {rC+, !d}
MPRegen  0.44/turn              c - ring of see invisible {sInv, !d}

@: confused, berserking, statue-form, very slightly contaminated, divine energy
A: large, unfitting armour, claws 3, agile 1, berserk 1, fast metabolism 3,
frail 1, gourmand, regeneration 1, electricity resistance, wild magic 1, no
potion heal 1
a: End Transformation, Stop Divine Energy, Channel Magic, Forget Spell, Renounce
Religion, Evoke Invisibility


You were on level 4 of the Spider Nest.
You worshipped Sif Muna.
Sif Muna was exalted by your worship.
You were not hungry.
You were a stone statue.
You visited 5 branches of the dungeon, and saw 28 of its levels.
You also visited: Bailey.

You collected 3035 gold pieces.
You spent 1659 gold pieces at shops.

Inventory:

Hand Weapons
 b - the +3 hunting sling "Plog" {velocity, rPois rF+ Str-4 Int+4}
   (You bought it in a shop on level 4 of the Dungeon)

   Any stone fired from it inflicts extra damage.
   It affects your strength (-4).
   It affects your intelligence (+4).
   It protects you from fire.
   It protects you from poison.
 P - a +0 blowgun
   (You took it off a kobold on level 12 of the Dungeon)
Missiles
 f - 432 stones
 h - 20 curare-tipped needles
 j - 95 sling bullets
 k - 26 large rocks (quivered) {!d}
 o - 10 javelins
 T - 4 needles of paralysis
Armour
 l - a +1 cloak of invisibility (worn)
   (You took it off Maurice on level 12 of the Dungeon)
 v - a +2 robe of the Archmagi (melded)
   (You took it off an orc sorcerer on level 2 of the Orcish Mines)
 y - a +1 robe of magic resistance
   (You took it off an orc sorcerer on level 2 of the Orcish Mines)
 Q - +0 acid dragon scales
   (You found it on level 13 of the Dungeon)
Jewellery
 c - a ring of see invisible (right claw) {sInv, !d}
   (You found it on level 2 of the Spider Nest)
 H - an uncursed ring of magical power {MP+9}
   (You found it on level 9 of the Dungeon)
 J - a ring of protection from cold (left claw) {rC+, !d}
   (You found it on level 3 of the Lair of Beasts)
 K - an amulet of magic regeneration (around neck)
   (You took it off a kobold on level 3 of the Dungeon)
 L - the ring of Sietic {rF+ MR- Dex+6 SInv}
   (You found it on level 6 of the Lair of Beasts)

   [ring of protection from fire]

   It affects your dexterity (+6).
   It protects you from fire.
   It affects your resistance to hostile enchantments.
   It lets you see invisible.
 M - an uncursed ring of protection from fire {rF+, !d}
   (You bought it in a shop on level 4 of the Dungeon)
Wands
 m - a wand of paralysis (9)
   (You found it on level 11 of the Dungeon)
 r - a wand of digging (1)
   (You found it on level 11 of the Dungeon)
 C - a wand of scattershot (6)
   (You found it on level 7 of the Dungeon)
 G - a wand of iceblast (8)
   (You took it off Maurice on level 12 of the Dungeon)
 I - a wand of polymorph (19)
   (You found it on level 1 of the Lair of Beasts)
 X - a wand of disintegration (14)
   (You found it on level 1 of the Spider Nest)
Scrolls
 e - 8 scrolls of teleportation
 g - 2 scrolls of identify
 q - a scroll of fog
 u - a scroll of magic mapping {!r}
 z - a scroll of amnesia
 B - 12 scrolls of remove curse
 N - 3 scrolls of blinking {!r}
 S - a scroll of brand weapon
 V - a scroll of summoning
Potions
 a - 7 potions of curing
 n - a potion of invisibility
 t - 4 potions of haste
 x - a potion of magic
 A - a potion of agility
 D - 11 potions of flight
 O - 2 potions of resistance
 R - 2 potions of might
 U - a potion of heal wounds
 W - a potion of cancellation
 Y - a potion of ambrosia
 Z - a potion of berserk rage {!q}
Miscellaneous
 i - a phantom mirror
 F - a phial of floods
   (You found it on level 13 of the Dungeon)
Comestibles
 d - 30 rations


   Skills:
 - Level 7.7 Fighting
 - Level 8.6 Dodging
 - Level 1.0 Stealth
 + Level 15.7 Unarmed Combat
 + Level 5.9 Spellcasting
 - Level 6.0 Conjurations
 - Level 1.0 Translocations
 - Level 9.5 Transmutations
 + Level 14.6 Earth Magic
 - Level 5.2 Invocations
 - Level 2.0 Evocations


You had 5 spell levels left.
You knew the following spells:

 Your Spells              Type           Power        Failure   Level  Hunger
a - Statue Form           Tmut/Erth      ######...    22%         6    #######
b - Passwall              Tmut/Erth      ######..     1%          2    #......
c - Stone Arrow           Conj/Erth      #####.       1%          3    ##.....
d - Petrify               Tmut/Erth      ######..     2%          4    ####...
e - Lee's Rapid Deconstr  Erth           ######....   1%          5    ######.
f - Blink                 Tloc           N/A          21%         2    #......

Your spell library contained the following spells:

 Spells                   Type           Power        Failure   Level  Hunger
 Beastly Appendage        Tmut           #####.       1%          1    None
 Sandblast                Erth           ######       1%          1    None
 Sticks to Snakes         Tmut           #####...     1%          2    #......
 Magic Dart               Conj           ####         2%          1    None
 Shock                    Conj/Air       ###.         7%          1    None
 Sting                    Conj/Pois      ###.         7%          1    None
 Spider Form              Tmut/Pois      ####......   10%         3    ##.....
 Leda's Liquefaction      Hex/Erth       #####.....   11%         4    ####...
 Dazzling Spray           Conj/Hex       ###...       17%         3    ##.....
 Ignite Poison            Fire/Tmut/Pois ###.....     17%         3    ##.....
 Iskenderun's Mystic Bla  Conj           ####....     17%         4    ####...
 Animate Skeleton         Necr           N/A          21%         1    None
 Confusing Touch          Hex            #.....       21%         1    None
 Corona                   Hex            #......      21%         1    None
 Freeze                   Ice            #...         21%         1    None
 Pain                     Necr           #...         21%         1    None
 Summon Butterflies       Summ           #.......     21%         1    None
 Irradiate                Conj/Tmut      #####.....   22%         5    ######.
 Shroud of Golubria       Chrm/Tloc      #.........   24%         2    #......
 Mephitic Cloud           Conj/Pois/Air  ##......     26%         3    ##.....
 Poisonous Vapours        Pois/Air       #.....       30%         2    #......
 Swiftness                Chrm/Air       #.......     30%         2    #......
 Bolt of Magma            Conj/Fire/Erth ####......   30%         5    ######.
 Gell's Gravitas          Tloc           ##........   34%         3    ##.....
 Lesser Beckoning         Tloc           ##........   34%         3    ##.....
 Teleport Other           Tloc           ##......     34%         3    ##.....
 Regeneration             Chrm/Necr      #.........   47%         3    ##.....
 Vampiric Draining        Necr           #.........   47%         3    ##.....
 Alistair's Intoxication  Tmut/Pois      ####....     58%         5    ######.
 Yara's Violent Unravell  Hex/Tmut       ####......   58%         5    ######.
 Passage of Golubria      Tloc           N/A          73%         4    ####...
 Venom Bolt               Conj/Pois      ###.......   82%         5    ######.
 Airstrike                Air            #.........   86%         4    ####...
 Animate Dead             Necr           N/A          86%         4    ####...
 Cause Fear               Hex            #.........   86%         4    ####...
 Olgreb's Toxic Radiance  Pois           #.......     86%         4    ####...
 Summon Ice Beast         Ice/Summ       #.......     86%         4    ####...
 Summon Lightning Spire   Summ/Air       #.......     86%         4    ####...
 Metabolic Englaciation   Hex/Ice        #.........   99%         5    ######.
 Silence                  Hex/Air        #.........   99%         5    ######.
 Iron Shot                Conj/Erth      #####.....   38%         6    #######
 Hydra Form               Tmut           #####.....   50%         6    #######
 Dragon Form              Tmut           #####.....   96%         7    #######
 Deflect Missiles         Chrm/Air       #.........   100%        6    #######
 Freezing Cloud           Conj/Ice/Air   ##........   100%        6    #######
 Poison Arrow             Conj/Pois      ###.......   100%        6    #######
 Spellforged Servitor     Conj/Summ      ###.......   100%        7    #######
 Discord                  Hex            #.........   100%        8    #######
 Fire Storm               Conj/Fire      ###.......   100%        9    #######
 Glaciate                 Conj/Ice       ###.......   100%        9    #######
 Shatter                  Erth           ######....   100%        9    #######


Dungeon Overview and Level Annotations

Branches:
Dungeon (15/15)            Temple (1/1) D:6            Lair (6/6) D:9
 Shoals (0/4) Lair:4       Spider (4/4) Lair:2        Slime (0/5) Lair:5
    Orc (2/2) D:10            Elf (0/3) Orc:2        Vaults (0/5) D:14
 Depths (0/5) D:15

Altars:
Ashenzari
Cheibriados
Dithmenos
Elyvilon
Fedhas
Gozag
Hepliaklqana
Kikubaaqudgha
Makhleb
Nemelex Xobeh
Okawaru
Qazlal
Ru
Sif Muna
Trog
Uskayaw
Vehumet
Wu Jian
Xom
Yredelemnul
Zin
The Shining One

Shops:
D:4 *   D:5 ?   D:12 [   Orc:2 (?:%

Portals:
Pandemonium: Orc:2
Trove: D:11 (give 5 scrolls of blinking)

Annotations:
D:6 1 runed translucent door, Aske's ghost, novice GrGl
D:14 3 runed translucent doors, Raxkul's ghost, journeyman GrFi
Lair:5 exclusion: oklob plant
Spider:4 exclusion: door, Arachne


Innate Abilities, Weirdness & Mutations

You are too large for most types of armour.
You have claws for hands.
Your metabolism is lightning-fast.
You like to eat raw meat.
Your natural rate of healing is unusually fast.
((You are covered in fur. (AC +1)))
((You have extremely tough skin. (AC +3)))
You are agile. (Dex +2)
You tend to lose your temper in combat.
You are frail. (-10% HP)
You are resistant to electric shocks. (rElec)
Your spells are a little harder to cast, but a little more powerful.
Potions are less effective at restoring your health.


Message History

* * * LOW HITPOINT WARNING * * *
The tarantella bites you but does no damage.
You're too confused!
Your system partially rejects the healing.
You feel better.
The demonic crawler gives a hideous shriek!
The tarantella bites you but does no damage.
The wolf spider barely misses you. The wolf spider bites you!
* * * LOW HITPOINT WARNING * * *
Arachne hits you but does no damage.
The tarantella bites you but does no damage.
The wolf spider closely misses you.
The wolf spider bites you but does no damage.
The tarantella bites you but does no damage.
The moth of wrath bites you.
* * * LOW HITPOINT WARNING * * *
The moth of wrath infuriates you!
A red film seems to cover your vision as you go berserk!
You feel yourself moving faster!
You feel mighty!
The spark wasp stings you but does no damage.
Arachne hits you with an uncursed staff of poison.
* * * LOW HITPOINT WARNING * * *
The tarantella bites you but does no damage.
The wolf spider hits you but does no damage.
The wolf spider bites you but does no damage.
The tarantella bites you.
* * * LOW HITPOINT WARNING * * *
The moth of wrath bites you but does no damage.
The spark wasp stings you but does no damage.
You hear an angry hiss.
The jumping spider hisses angrily.
The wolf spider hits you but does no damage.
The wolf spider bites you but does no damage.
The tarantella closely misses you.
Arachne casts a spell.
Arachne blinks!
The tarantella bites you but does no damage.
A tarantella comes into view.
The wolf spider closely misses you. The wolf spider bites you.
* * * LOW HITPOINT WARNING * * *
The spark wasp stings you!
* * * LOW HITPOINT WARNING * * *
The spark wasp shocks you. You resist.
* * * LOW HITPOINT WARNING * * *
The moth of wrath bites you!
* * * LOW HITPOINT WARNING * * *
An orb spider comes into view.
You are too berserk!
The orb spider hisses angrily.
You eviscerate the moth of wrath!!!
You kill the moth of wrath!
Sif Muna accepts your kill.
You hear an angry hiss. x3
The wolf spider barely misses you. The wolf spider bites you!
* * * LOW HITPOINT WARNING * * *
The tarantella completely misses you.
The tarantella bites you but does no damage.
The tarantella bites you.
* * * LOW HITPOINT WARNING * * *
You are confused.
The tarantella bites you but does no damage.
The wolf spider misses you. The wolf spider closely misses you.
The spark wasp stings you.
* * * LOW HITPOINT WARNING * * *
The spark wasp shocks you. You resist.
* * * LOW HITPOINT WARNING * * *
The tarantella closely misses you.
Arachne casts a spell.
Arachne blinks!
The tarantella barely misses you.
The jumping spider leaps!
A redback comes into view. x2
You claw the tarantella!
The tarantella is moderately wounded.
The wolf spider barely misses you.
The wolf spider bites you but does no damage.
The tarantella bites you!
* * * LOW HITPOINT WARNING * * *
You are more confused.
The tarantella bites you but does no damage. x2
The tarantella misses you.
The spark wasp stings you but does no damage.
Arachne casts a spell.
Arachne blinks!
A jumping spider comes into view.
The wolf spider misses you.
The wolf spider bites you but does no damage.
The tarantella bites you but does no damage.
The tarantella misses you.
The tarantella bites you but does no damage.
The tarantella bites you.
* * * LOW HITPOINT WARNING * * *
You are more confused.
You are too berserk!
You are too berserk!
You eviscerate the tarantella!!!
You kill the tarantella!
Sif Muna accepts your kill. The wolf spider barely misses you.
The wolf spider bites you but does no damage.
The tarantella misses you. The tarantella bites you.
You die...

.........s%##..
........^...#..
..(.°....^..s..
.........s.'..
###..s...s..'s.
..^..H..ss.s#
...§..y†s..#
......s8s..#
^....^s....#
...........#
!.#....§...# .
##.......#
#^.......
..........
##..........


You could see Arachne, a spark wasp, a demonic crawler, a wolf spider (berserk),
3 orb spiders, 2 jumping spiders, 4 tarantellas and 2 redbacks.

Vanquished Creatures
  Nikola (Spider:1)
  Rupert (D:12)
  Jorgrun (D:13)
  Asterion (Spider:1)
  Agnes (Spider:1)
  Frances (D:12)
  Kirke (Spider:1)
  2 emperor scorpions (Spider:2)
  A stone giant (Orc:2)
  An ironheart preserver (D:14)
  3 entropy weavers (Spider:3)
  A spark wasp (Spider:3)
  Azrael (D:12)
  Fannar (D:12)
  4 centaur warriors
  6 catoblepae
  6 hydras
  A tengu warrior (D:13)
  9 two-headed ogres
  7 orc high priests (Orc:2)
  8 death yaks
  Urug (Lair:2)
  A soul eater (Orc:2)
  Sonja (D:11)
  8 skeletal warriors
  3 unseen horrors
  2 torturous demonspawn (Orc:2)
  A flayed ghost (D:15)
  A wizard (D:14)
  9 orc knights
  2 necromancers (D:15)
  16 orb spiders
  4 orc sorcerers (Orc:2)
  2 deep elf magi
  8 ugly things
  A fire giant zombie (D:15)
  30 wolf spiders
  A stone giant zombie (D:15)
  4 manticores
  4 cyclopes
  4 moths of wrath
  A fire giant skeleton (D:15)
  Maurice (D:12)
  A black mamba (Lair:4)
  2 centaur zombies
  7 spiny frogs
  3 gargoyles
  A torpor snail (Spider:2)
  2 orange demons (Orc:2)
  An efreet (D:15)
  2 kobold demonologists
  10 komodo dragons
  14 demonic crawlers
  4 centaur skeletons
  A freezing wraith (D:14)
  6 trolls
  26 jumping spiders
  A hornet (shapeshifter) (D:15)
  A hornet (D:9)
  4 blink frogs (Lair:1)
  10 hippogriffs
  A slime creature (D:14)
  A dream sheep (Lair:3)
  A spriggan (D:7)
  A shadow (D:12)
  59 redbacks
  26 tarantellas
  2 wraiths
  A spriggan skeleton (D:15)
  3 basilisks
  A chaos spawn (Orc:2)
  2 fire elementals (D:12)
  3 wyverns
  3 hungry ghosts
  47 yaks
  2 neqoxecs (Orc:2)
  A steam dragon (D:9)
  A hog (Spider:1)
  5 vampire mosquitoes
  Menkaure (D:5)
  Edmund (D:5)
  4 wargs
  2 insubstantial wisps (D:9)
  3 soldier ants
  15 water moccasins
  3 acid dragons
  2 hell hounds (D:12)
  7 porcupines
  35 orc warriors
  7 sky beasts
  2 black bears
  2 hornet zombies
  5 ice beasts
  4 phantoms
  17 wolves
  A necrophage (D:10)
  10 ogres
  6 centaurs
  7 crocodiles
  10 big kobolds
  20 bullfrogs
  A wyvern zombie (D:12)
  2 gnoll sergeants
  6 scorpions
  12 wights
  5 killer bees (D:10)
  3 electric eels
  6 howler monkeys
  15 crimson imps
  2 quasits (D:9)
  2 bullfrog zombies
  6 hounds
  A bullfrog skeleton (D:5)
  7 jellies
  23 orc priests
  A gnoll shaman (D:5)
  9 iguanas
  26 orc wizards
  3 polar bear simulacra (D:15)
  A yak simulacrum (D:15)
  5 wolf simulacra (D:15)
  6 worker ants
  A killer bee zombie (D:9)
  A hound zombie (D:5)
  2 hound skeletons
  A worker ant zombie (D:11)
  13 adders
  22 gnolls
  2 shadow imps
  An ooze (D:2)
  An adder zombie (D:6)
  2 adder skeletons
  3 worms
  4 dart slugs
  4 leopard geckos
  90 orcs
  7 giant cockroaches
  10 goblins
  18 hobgoblins
  9 jackals
  5 quokkas
  8 bats
  8 frilled lizards
  37 kobolds
  A leopard gecko skeleton (D:6)
  2 quokka skeletons
  6 rats
  2 river rat simulacra (D:15)
  A fungus (Orc:1)
  7 plants
993 creatures vanquished.

Vanquished Creatures (others)
  An orb spider (Spider:4)
  6 humans (Spider:1)
  A kobold (D:13)
  3 fungi
  18 plants
29 creatures vanquished.

Grand Total: 1022 creatures vanquished

Notes
Turn   | Place    | Note
-------+----------+-------------------------------------------
     0 | D:1      | sankara the Troll Earth Elementalist began the quest for
                  | the Orb.
     0 | D:1      | Reached XP level 1. HP: 16/16 MP: 1/1
    19 | D:1      | Reached skill level 1 in Unarmed Combat
   161 | D:1      | Reached XP level 2. HP: 24/24 MP: 0/2
   364 | D:1      | Reached skill level 2 in Unarmed Combat
   820 | D:2      | Reached XP level 3. HP: 31/31 MP: 3/3
   835 | D:2      | Reached skill level 3 in Unarmed Combat
  1109 | D:2      | Learned a level 2 spell: Passwall
  1161 | D:2      | Reached XP level 4. HP: 36/39 MP: 4/4
  1318 | D:3      | Reached skill level 4 in Unarmed Combat
  1483 | D:3      | HP: 5/39 [orc priest/divine providence (12)]
  1485 | D:3      | Reached XP level 5. HP: 4/45 MP: 5/5
  1490 | D:3      | HP: 5/45 [poisoned by a kobold]
  1498 | D:3      | HP: 8/45 [poisoned by a kobold]
  1595 | D:3      | Reached skill level 5 in Unarmed Combat
  1759 | D:3      | Learned a level 3 spell: Stone Arrow
  2335 | D:4      | Reached skill level 6 in Unarmed Combat
  2335 | D:4      | Reached XP level 6. HP: 45/53 MP: 6/6
  2623 | D:4      | Found Giguruar's Assorted Antiques.
  2632 | D:4      | Bought a dazzling hunting sling for 143 gold pieces
  2634 | D:4      | Identified the +3 hunting sling "Plog" {velocity, rPois rF+
                  | Str-4 Int+4} (You bought it in a shop on level 4 of the
                  | Dungeon)
  2930 | D:5      | Entered Level 5 of the Dungeon
  3015 | D:5      | Reached skill level 2 in Dodging
  3051 | D:5      | Reached skill level 1 in Fighting
  3109 | D:5      | Found Bigorur's Magic Scroll Boutique.
  3115 | D:5      | Bought a scroll of identify for 26 gold pieces
  3184 | D:5      | Reached XP level 7. HP: 62/62 MP: 7/7
  3252 | D:5      | Noticed Edmund
  3314 | D:4      | Reached skill level 7 in Unarmed Combat
  3527 | D:6      | Reached skill level 2 in Fighting
  3632 | D:6      | Reached skill level 3 in Dodging
  3715 | D:6      | Noticed Menkaure
  3721 | D:6      | Found a runed translucent door.
  3722 | D:6      | Noticed Aske's ghost (novice GrGl)
  3825 | D:5      | Killed Menkaure
  3825 | D:5      | Reached skill level 8 in Unarmed Combat
  3825 | D:5      | Reached XP level 8. HP: 28/74 MP: 8/8
  3945 | D:5      | Reached skill level 3 in Fighting
  4171 | D:6      | Found a staircase to the Ecumenical Temple.
  4197 | Temple   | Entered the Ecumenical Temple
  4302 | Temple   | Became a worshipper of Sif Muna the Loreminder
  4439 | D:6      | Reached skill level 1 in Transmutations
  4602 | D:6      | Reached skill level 4 in Dodging
  4602 | D:6      | Reached skill level 3 in Earth Magic
  4736 | D:4      | Bought a blackened peridot amulet for 110 gold pieces
  4855 | D:5      | Killed Edmund
  4855 | D:5      | Reached skill level 9 in Unarmed Combat
  4855 | D:5      | Reached skill level 1 in Conjurations
  5071 | D:5      | Got a fine dagger
  5151 | D:5      | Identified the +3 dagger "Troll's Peril" {venom, rPois
                  | Str+5 Dex-4} (You found it on level 5 of the Dungeon)
  5314 | D:7      | Reached XP level 9. HP: 80/83 MP: 5/9
  5620 | D:7      | Reached * piety under Sif Muna
  5725 | D:7      | Found a hide-covered altar of Uskayaw.
  5725 | D:7      | Noticed a +0 hand axe
  5725 | D:7      | Noticed a +0 hand axe
  5891 | D:8      | Reached skill level 2 in Transmutations
  5977 | D:8      | Reached skill level 4 in Fighting
  5977 | D:8      | Reached skill level 2 in Conjurations
  6247 | D:9      | Reached skill level 4 in Earth Magic
  6362 | D:9      | Reached skill level 10 in Unarmed Combat
  6391 | D:9      | HP: 18/84 [wight/+3 scimitar of freezing (8)]
  6393 | D:9      | HP: 7/84 [wight/+3 scimitar of freezing (2)]
  6398 | D:9      | HP: 14/126 [wight/+3 scimitar of freezing (2)]
  6404 | D:9      | HP: 10/126 [hornet zombie (3)]
  6469 | D:9      | Reached skill level 3 in Conjurations
  6625 | D:9      | Found a staircase to the Lair.
  6673 | D:9      | Found a flagged portal.
  6700 | Bailey   | Entered a bailey
  6821 | Bailey   | Reached XP level 10. HP: 81/92 MP: 10/10
  6880 | Bailey   | Reached skill level 5 in Earth Magic
  7071 | Bailey   | Noticed an orc knight
  7149 | Bailey   | Killed an orc knight
  7149 | Bailey   | Reached ** piety under Sif Muna
  7355 | D:9      | Noticed a two-headed ogre
  7380 | D:9      | Killed a two-headed ogre
  7416 | D:9      | Reached skill level 4 in Conjurations
  7833 | D:9      | Noticed a two-headed ogre
  7840 | D:9      | Killed a two-headed ogre
  7840 | D:9      | Reached skill level 5 in Dodging
  7840 | D:9      | Reached skill level 6 in Earth Magic
  7938 | Lair:1   | Entered Level 1 of the Lair of Beasts
  8035 | Lair:1   | Reached skill level 11 in Unarmed Combat
  8106 | Lair:1   | HP: 20/92 [blink frog (15)]
  8107 | Lair:1   | HP: 8/92 [blink frog (12)]
  8266 | Lair:1   | Reached XP level 11. HP: 100/100 MP: 11/11
  8418 | Lair:1   | Reached skill level 5 in Conjurations
  8631 | Lair:1   | Reached skill level 7 in Earth Magic
  8865 | Lair:1   | Reached *** piety under Sif Muna
  9557 | Lair:2   | HP: 25/100 [wolf (5)]
  9562 | Lair:2   | Reached skill level 1 in Invocations
  9563 | Lair:2   | HP: 20/100 [wolf (7)]
  9751 | Lair:2   | Reached skill level 12 in Unarmed Combat
  9838 | Lair:2   | Reached skill level 8 in Earth Magic
  9898 | Lair:2   | Reached skill level 2 in Invocations
  9932 | Lair:2   | Reached skill level 6 in Fighting
  9932 | Lair:2   | Reached skill level 7 in Dodging
  9932 | Lair:2   | Reached XP level 12. HP: 115/115 MP: 12/12
 10010 | Lair:2   | Found a hole to the Spider Nest.
 10029 | Lair:2   | HP: 23/115 [jumping spider (16)]
 10034 | Lair:2   | HP: 16/115 [poisoned by a wolf spider]
 10040 | Lair:2   | HP: 16/115 [poisoned by a wolf spider]
 10045 | Lair:2   | HP: 17/115 [poisoned by a wolf spider]
 10051 | Lair:2   | HP: 19/115 [poisoned by a wolf spider]
 10059 | Lair:2   | HP: 22/115 [poisoned by a wolf spider]
 10208 | Lair:2   | Learned a level 4 spell: Petrify
 10255 | Lair:2   | Noticed Urug
 10266 | Lair:2   | Gained mutation: You are resistant to electric shocks.
                  | (rElec) [potion of mutation]
 10266 | Lair:2   | Gained mutation: You are agile. (Dex +2) [potion of
                  | mutation]
 10266 | Lair:2   | Gained mutation: Your spells are a little harder to cast,
                  | but a little more powerful. [potion of mutation]
 10284 | Lair:2   | Killed Urug
 10880 | Lair:3   | Noticed a seven-headed hydra
 10963 | Lair:3   | Reached skill level 3 in Invocations
 10994 | Lair:3   | Killed a seven-headed hydra
 10994 | Lair:3   | Reached **** piety under Sif Muna
 11191 | Lair:3   | Reached skill level 3 in Transmutations
 11306 | Lair:3   | Noticed a catoblepas
 11501 | Lair:3   | Noticed a seven-headed hydra
 11526 | Lair:3   | Reached skill level 2 in Spellcasting
 11533 | Lair:3   | Learned a level 5 spell: Lee's Rapid Deconstruction
 11627 | Lair:3   | Killed a seven-headed hydra
 11627 | Lair:3   | Reached XP level 13. HP: 76/122 MP: 9/15
 12343 | Lair:4   | Found a burning altar of Makhleb.
 12920 | Lair:4   | Found a staircase to the Shoals.
 13706 | Lair:5   | Found a staircase to the Slime Pits.
 14001 | Lair:5   | Reached skill level 4 in Invocations
 14407 | Lair:5   | Reached skill level 9 in Earth Magic
 14623 | Lair:6   | Entered Level 6 of the Lair of Beasts
 14642 | Lair:6   | Reached skill level 6 in Conjurations
 14876 | Lair:6   | Got a warped amber ring
 14922 | Lair:6   | Reached skill level 4 in Transmutations
 15209 | D:4      | Bought a scroll of identify for 44 gold pieces
 15209 | D:4      | Identified the ring of Sietic {rF+ MR- Dex+6 SInv} (You
                  | found it on level 6 of the Lair of Beasts)
 15210 | D:4      | Bought a potion of might for 88 gold pieces
 15210 | D:4      | Bought a silver ring for 110 gold pieces
 15210 | D:4      | Bought a scroll of remove curse for 66 gold pieces
 15210 | D:4      | Bought a potion of curing for 66 gold pieces
 15311 | D:5      | Bought a scroll of noise for 13 gold pieces
 15311 | D:5      | Bought a scroll of fear for 45 gold pieces
 15311 | D:5      | Bought a scroll of blinking for 97 gold pieces
 15311 | D:5      | Bought a scroll of blinking for 97 gold pieces
 15311 | D:5      | Bought a scroll of teleportation for 39 gold pieces
 15860 | Lair:6   | Reached skill level 3 in Spellcasting
 16193 | Lair:6   | Reached ***** piety under Sif Muna
 16551 | Lair:6   | Identified Sif Muna's Handbook of Combat Magic (Sif Muna
                  | gifted it to you on level 6 of the Lair of Beasts)
 16551 | Lair:6   | Received a gift from Sif Muna
 16900 | Lair:6   | Reached skill level 13 in Unarmed Combat
 17717 | Lair:5   | Reached skill level 5 in Transmutations
 18174 | Lair:5   | Reached skill level 10 in Earth Magic
 18940 | Lair:6   | Reached XP level 14. HP: 114/131 MP: 9/17
 19236 | D:10     | Entered Level 10 of the Dungeon
 19612 | D:10     | Found a staircase to the Orcish Mines.
 20113 | D:10     | Reached skill level 14 in Unarmed Combat
 20821 | D:11     | Reached skill level 11 in Earth Magic
 20999 | D:11     | HP: 24/131 [five-headed hydra (10)]
 21030 | D:11     | HP: 30/131 [yak (9)]
 21033 | D:11     | HP: 13/131 [yak (8)]
 21387 | D:11     | Identified Sif Muna's First Steps in Witchery (Sif Muna
                  | gifted it to you on level 11 of the Dungeon)
 21387 | D:11     | Received a gift from Sif Muna
 21400 | D:11     | Found a portal to a secret trove of treasure.
 21680 | D:11     | Noticed Sonja
 21684 | D:11     | Killed Sonja
 22604 | D:12     | Noticed Rupert
 22604 | D:12     | Noticed Fannar
 22627 | D:12     | Killed Rupert
 22645 | D:12     | Killed Fannar
 22836 | D:12     | Noticed Frances
 23039 | D:12     | Noticed Azrael
 23058 | D:12     | Killed Azrael
 23058 | D:12     | HP: 29/131 [hell hound[Azrael] (5)]
 23061 | D:12     | HP: 11/131 [hell hound[Azrael] (5)]
 23240 | D:12     | Noticed Maurice
 23263 | D:12     | Killed Maurice
 23394 | D:12     | Found Poumic's Antique Armour Shop.
 23636 | Orc:1    | Entered Level 1 of the Orcish Mines
 24134 | Orc:1    | Reached skill level 7 in Fighting
 24144 | Orc:1    | Reached skill level 8 in Dodging
 24336 | Orc:1    | You fall through a shaft!
 24336 | Orc:2    | Entered Level 2 of the Orcish Mines
 24694 | Orc:1    | Found a radiant altar of Vehumet.
 24807 | Orc:2    | Noticed a stone giant
 24829 | Orc:2    | HP: 31/133 [stone giant/large rock (6)]
 24834 | Orc:1    | HP: 11/133 [orc knight/+0 long sword (24)]
 24867 | Orc:1    | HP: 26/133 [orc knight/+0 long sword (20)]
 25114 | Orc:2    | Killed a stone giant
 25842 | Orc:2    | Found Waotuof's Food Shoppe.
 25852 | Orc:2    | Reached XP level 15. HP: 140/140 MP: 9/18
 25898 | Orc:2    | Found Piapnosm's Magic Scroll Emporium.
 26150 | Orc:2    | HP: 35/140 [poisoned by an orange demon]
 26155 | Orc:2    | HP: 28/140 [poisoned by an orange demon]
 26160 | Orc:2    | HP: 24/140 [poisoned by an orange demon]
 26165 | Orc:2    | HP: 23/140 [poisoned by an orange demon]
 26170 | Orc:2    | HP: 22/140 [poisoned by an orange demon]
 26175 | Orc:2    | HP: 23/140 [poisoned by an orange demon]
 26180 | Orc:2    | HP: 25/140 [poisoned by an orange demon]
 26187 | Orc:2    | HP: 28/140 [poisoned by an orange demon]
 26195 | Orc:2    | HP: 32/140 [poisoned by an orange demon]
 26403 | Orc:2    | Found a staircase to the Elven Halls.
 26631 | Orc:2    | Reached skill level 15 in Unarmed Combat
 26863 | Orc:2    | Reached skill level 12 in Earth Magic
 26916 | Orc:2    | Paralysed by an orc sorcerer for 7 turns
 26928 | Orc:2    | Reached skill level 6 in Transmutations
 26989 | Orc:2    | Gained mutation: You tend to lose your temper in combat. [a
                  | neqoxec]
 26994 | Orc:2    | HP: 32/140 [torturous demonspawn/+0 halberd (7)]
 27001 | Orc:2    | HP: 14/140 [torturous demonspawn/+0 halberd (23)]
 27024 | Orc:2    | HP: 24/140 [torturous demonspawn/+0 halberd (6)]
 27528 | Orc:2    | Found Jonlulof's Book Shop.
 27528 | Orc:2    | Found Limpewa's Antique Weapon Boutique.
 27529 | Orc:2    | Found a one-way gate leading to the halls of Pandemonium.
 27535 | Orc:2    | Bought a book of Spatial Translocations for 715 gold pieces
 27538 | Orc:2    | Learned a level 2 spell: Blink
 27922 | D:13     | Reached skill level 5 in Invocations
 27977 | D:13     | Noticed Jorgrun
 28308 | D:12     | HP: 27/141 [Frances/shard of ice (28)]
 28311 | D:12     | Killed Frances
 28615 | D:12     | Reached skill level 1 in Translocations
 28632 | D:12     | Received a gift from Sif Muna
 28644 | D:12     | Learned a level 6 spell: Statue Form
 28662 | D:12     | Identified Sif Muna's Papyrus of the Flying Mountains
 29032 | D:13     | HP: 30/143 [Jorgrun/+0 quarterstaff of crushing (6)]
 29034 | D:13     | Killed Jorgrun
 30125 | D:14     | Found a gate to the Vaults.
 30184 | D:14     | Reached skill level 7 in Transmutations
 30496 | D:14     | Found a runed translucent gate.
 30496 | D:14     | Found a runed translucent gate.
 30497 | D:14     | Found a runed translucent gate.
 30505 | D:14     | Noticed Raxkul's ghost (journeyman GrFi)
 30846 | D:15     | Entered Level 15 of the Dungeon
 30880 | D:14     | Reached skill level 4 in Spellcasting
 31054 | D:14     | Learned a level 2 spell: Blink
 31091 | D:15     | Found a staircase to the Depths.
 31202 | D:15     | Reached XP level 16. HP: 150/150 MP: 11/21
 31208 | D:14     | Reached skill level 8 in Transmutations
 31215 | D:14     | Reached skill level 1 in Evocations
 31331 | D:15     | Identified Sif Muna's Tome of Slavery and Changing (Sif
                  | Muna gifted it to you on level 15 of the Dungeon)
 31331 | D:15     | Received a gift from Sif Muna
 32151 | Spider:1 | Entered Level 1 of the Spider Nest
 32178 | Spider:1 | Reached skill level 2 in Evocations
 32198 | Spider:1 | Noticed Kirke
 32203 | Spider:1 | Killed Kirke
 32235 | Spider:1 | Noticed Asterion
 32252 | Spider:1 | Gained mutation: Potions are less effective at restoring
                  | your health. [a cacodemon]
 32253 | Spider:1 | Gained mutation: You are frail. (-10% HP) [a cacodemon]
 32254 | Spider:1 | Killed Asterion
 32254 | Spider:1 | Reached skill level 13 in Earth Magic
 32339 | Spider:1 | Reached skill level 9 in Transmutations
 32486 | Spider:1 | HP: 22/135 [tarantella (16)]
 32664 | Spider:1 | Noticed Agnes
 32675 | Spider:1 | Killed Agnes
 32747 | Spider:1 | Noticed Nikola
 32773 | Spider:1 | Killed Nikola
 33282 | Spider:2 | Identified Sif Muna's Reference Book on Shape Shifting and
                  | the Snowflakes (Sif Muna gifted it to you on level 2 of the
                  | Spider Nest)
 33282 | Spider:2 | Received a gift from Sif Muna
 33760 | Spider:2 | Reached skill level 14 in Earth Magic
 33846 | Spider:2 | Reached skill level 5 in Spellcasting
 34454 | Spider:3 | Identified Sif Muna's Handbook of Mutagenic Confrontation
                  | (Sif Muna gifted it to you on level 3 of the Spider Nest)
 34454 | Spider:3 | Received a gift from Sif Muna
 34498 | Spider:3 | Reached XP level 17. HP: 142/142 MP: 23/23
 34549 | Spider:3 | Reached ****** piety under Sif Muna
 35326 | Spider:4 | Entered Level 4 of the Spider Nest
 35378 | Spider:4 | HP: 40/184 [tarantella (9)]
 35386 | Spider:3 | HP: 29/184 [redback (2)]
 35404 | Spider:3 | HP: 46/184 [redback (4)]
 35643 | Spider:4 | Noticed Arachne
 35661 | Spider:4 | HP: 45/184 [wolf spider (13)]
 35663 | Spider:4 | HP: 19/276 [wolf spider (8)]
 35664 | Spider:4 | HP: 3/276 [tarantella (8)]
 35664 | Spider:4 | HP: 1/276 [tarantella (2)]
 35665 | Spider:4 | Slain by a tarantella

Skill      XL: |  1  2  3  4  5  6  7  8  9 10 11 12 13 14 15 16 |
---------------+-------------------------------------------------+-----
Unarmed Combat | 1 2 3 4 6 8 9 10 11 12 13 14 15 | 15.7
Dodging        | 2 3 4 5 7 8 |  8.6
Fighting       | 1 2 3 4 6 7 |  7.7
Transmutations | 1 2 3 5 7 9 |  9.5
Earth Magic    | 3 4 6 8 10 11 12 14 | 14.6
Conjurations   | 1 3 4 5 6 |  6.0
Invocations    | 2 3 4 5 |  5.2
Spellcasting   | 2 3 4 5 |  5.9
Translocations | 1 |  1.0
Evocations     | 2 |  2.0
Stealth        | |  1.0

Action                   |  1- 3 |  4- 6 |  7- 9 | 10-12 | 13-15 | 16-18 || total
-------------------------+-------+-------+-------+-------+-------+-------++-------
Melee: Unarmed           |   104 |   127 |   241 |   188 |  1009 |   456 ||  2125
       Punch             |       |     1 |     7 |    11 |    68 |    38 ||   125
       Hunting sling     |       |       |       |       |       |     1 ||     1
 Fire: Hunting sling     |       |    27 |   169 |   163 |   407 |    47 ||   813
       Blowgun           |       |       |       |       |    20 |     2 ||    22
Throw: Stone             |     2 |     3 |     2 |       |       |       ||     7
       Large rock        |       |       |       |       |     6 |     3 ||     9
 Cast: Sandblast         |     3 |    12 |    14 |    18 |    30 |       ||    77
       Stone Arrow       |       |       |    26 |   108 |   326 |    42 ||   502
       Lee's Rapid Decon |       |       |       |       |   103 |    25 ||   128
       Petrify           |       |       |       |       |   116 |    22 ||   138
       Passwall          |       |       |       |       |     1 |     1 ||     2
       Statue Form       |       |       |       |       |    19 |    35 ||    54
       Blink             |       |       |       |       |     6 |       ||     6
Invok: Divine Energy     |       |       |     1 |       |       |       ||     1
       Channel Magic     |       |       |       |       |       |     1 ||     1
 Abil: Evoke Invisibilit |       |       |       |       |    19 |     6 ||    25
Evoke: Wand              |       |       |     2 |       |    19 |       ||    21
  Use: Scroll            |       |     9 |     9 |     3 |    14 |     5 ||    40
       Potion            |       |       |     7 |     8 |    12 |     8 ||    35
 Stab: Sleeping          |     2 |     1 |       |       |     2 |     2 ||     7
       Petrified         |       |       |       |       |   162 |     4 ||   166
       Invisible         |       |       |       |       |    17 |     4 ||    21
       Petrifying        |       |       |       |       |     8 |     2 ||    10
  Eat: Chunk             |    16 |    19 |    41 |    57 |   276 |    57 ||   466
       Ration            |       |       |       |       |     8 |     8 ||    16
Armor: Robe              |    43 |    41 |   108 |    56 |   153 |    29 ||   430
       Skin              |       |       |    16 |       |    86 |   823 ||   925
Dodge: Dodged            |    62 |    50 |   141 |   137 |   524 |   886 ||  1800

Levels and vault maps discovered:
D:1:      eino_arrival_water_star, layout_loops_ring, serial_park_tiny_pond
D:2:      layout_rooms, serial_glass, glass_columns_c, glass_columns_a
D:3:      layout_loops_ring, st_stairs_1
D:4:      layout_loops_ring, serial_shops, nicolae_shop_overgrown_old_shop,
          first_ration
D:5:      layout_loops_cross, serial_shops, shop, uniq_edmund
D:6:      layout_cave_pools, temple_pool_b, ebering_ghost_sewer_d, uniq_menkaure
D:7:      layout_rooms, dancing_weapons_uskayaw, the_bakery,
          corexii_hall_statues_x
D:8:      layout_rooms, serial_glass, glass_columns_b, glass_columns_b
D:9:      layout_cave_pools, lair_entry_dummy, enter_bailey_3,
          hangedman_decor_lopped, hangedman_misty_isle
D:10:     layout_roguey, kennysheep_orc_monster_closet_entryway,
          grunt_tough_drop
D:11:     layout_loops_ring, enter_trove_2, uniq_sonja
D:12:     layout_roguey, serial_shops, kennysheep_mini,
          onia_ninara_dug_in_and_dangerous, uniq_frances, uniq_rupert,
          uniq_maurice, uniq_azrael, uniq_fannar
D:13:     layout_roguey, uniq_jorgrun
D:14:     layout_roguey, skrybe_vaults_entry_preservation,
          hangedman_abyss_or_decor_stabs, gammafunk_ghost_necromancy,
          st_stairs_1
D:15:     gammafunk_depths_entry_grave, layout_cross, eino_house_with_fridge
Temple:   kilobyte_greek_temple
Lair:1:   layout_regular_city, nicolae_quartered_pool_medium,
          lemuel_fruit_fields, lemuel_fruit_tree
Lair:2:   layout_chaotic_city, spider_nest_entry_funnel_web, uniq_urug
Lair:3:   layout_chaotic_city, wad_woods_river_01, grunt_megastairs_3
Lair:4:   layout_gridlike, minmay_shoals_entry_centaurs, basic_altar
Lair:5:   layout_small_grid, slime_dummy, serial_bayou_shore_b,
          lemuel_fruit_fields, minmay_lair_oklob_chamber, serial_bayou_shore_a
Lair:6:   evilmike_catoblepas_cave, layout_big_grid, serial_bayou_shore_b,
          serial_bayou_shore_b, infiniplex_staircase_pool_2
Spider:1: layout_spider_delve, uniq_asterion, uniq_agnes, uniq_nikola,
          uniq_kirke
Spider:2: layout_spider_delve
Spider:3: layout_spider_delve, einodemon_crawler_minivault
Spider:4: johnstein_spider_rune_arachne_lair
Orc:1:    layout_diamond_mine, basic_altar, nicolae_orc_damp_corner
Orc:2:    pf_orc_diabolical, layout_caves, sword_in_stone
Bailey:   bailey_axe_2, bailey

Table legend:
 A = Turns spent in this place as a percentage of turns spent in the entire game.
 B = Non-inter-level travel turns spent in this place as a percentage of non-inter-level travel turns spent in the entire game.
 C = Inter-level travel turns spent in this place as a percentage of turns spent in this place.
 D = Turns resting spent in this place as a percentage of non-inter-level travel turns spent in this place.
 E = Turns spent auto-exploring this place as a percentage of non-inter-level travel turns spent in this place.
 F = Non-inter-level travel turns spent in this place divided by the number of levels of this place that you've seen.
                   A       B       C       D       E      F
               +-------+-------+-------+-------+-------+----------------------
         Total | 100.0 | 100.0 |  10.2 |  22.6 |  45.5 | 1103.9
       Dungeon |  47.0 |  45.4 |  13.2 |  18.6 |  48.6 | 968.9
        Temple |   0.4 |   0.4 |  25.3 |   0.0 |  69.5 | 118.0
          Lair |  30.9 |  30.7 |  10.9 |  29.6 |  44.6 | 1635.5
   Spider Nest |   9.9 |  10.5 |   3.9 |  17.4 |  48.6 | 844.2
  Orcish Mines |  10.2 |  11.1 |   1.6 |  25.1 |  34.4 | 1783.0
        Bailey |   1.7 |   1.9 |   0.0 |  22.9 |  28.1 | 606.0
               +-------+-------+-------+-------+-------+----------------------

Table legend:
 A = Kills in this place as a percentage of kills in entire the game.
 B = Kills by you in this place as a percentage of kills by you in the entire game.
 C = Kills by friends in this place as a percentage of kills by friends in the entire game.
 D = Other kills in this place as a percentage of other kills in the entire game.
 E = Experience gained in this place as a percentage of experience gained in the entire game.
 F = Experience gained in this place divided by the number of levels of this place that you have seen.
                   A       B       C       D       E      F
               +-------+-------+-------+-------+-------+----------------------
         Total | 100.0 | 100.0 |   N/A |   N/A | 100.0 | 7781.1
       Dungeon |  51.5 |  51.5 |   N/A |   N/A |  35.7 | 5363.8
        Temple |   0.4 |   0.4 |   N/A |   N/A |   0.0 | 102.0
          Lair |  15.2 |  15.2 |   N/A |   N/A |  19.1 | 7196.7
   Spider Nest |  18.3 |  18.3 |   N/A |   N/A |  33.7 | 19033.2
  Orcish Mines |  11.1 |  11.1 |   N/A |   N/A |  11.0 | 12453.5
        Bailey |   3.5 |   3.5 |   N/A |   N/A |   0.4 | 874.0
               +-------+-------+-------+-------+-------+----------------------
